 Dungeon Crawl Stone Soup version 0.20.0-15-g7f486f2 (webtiles) character file.

394 Cral the Changer (level 6, -6/54 HPs)
             Began as a Troll Transmuter on June 26, 2017.
             Killed by nerve-wracking pain
             ... invoked by Grinder
              (14 damage)
             ... on level 5 of the Dungeon.
             The game lasted 00:04:49 (2761 turns).

Cral the Changer (Troll Transmuter)                 Turns: 2761, Time: 00:04:50

Health: -6/54      AC:  5    Str: 21    XL:     6   Next: 52%
Magic:  5/6        EV: 10    Int:  9    God:
Gold:   255        SH:  0    Dex: 10    Spells: 3/7 levels left

rFire    . . .     SeeInvis .     - Unarmed
rCold    . . .     Gourm    +   (no shield)
rNeg     . . .     Faith    .   b - +0 robe
rPois    +         Spirit   .   (helmet restricted)
rElec    .         Reflect  .   (no cloak)
rCorr    .         Harm     .   (gloves unavailable)
MR       .....     Rnd*Tele +   (boots unavailable)
Stlth    +.........             (no amulet)
Regen    0.6/turn               i - ring of teleportation (curse)
MPRegen  0.1/turn               y - ring of poison resistance

@: appendage
A: unfitting armour, claws 3, horns 2, fast metabolism 3, gourmand, regeneration
1, shaggy fur 1, tough skin 2
a: End Transformation


You were on level 5 of the Dungeon.
You were not hungry.
You had grown temporary horns.
You visited 2 branches of the dungeon, and saw 6 of its levels.

You collected 255 gold pieces.

Inventory:

Missiles
 a - 54 arrows
Armour
 b - a +0 robe (worn)
Jewellery
 i - a cursed ring of teleportation (left claw)
 y - a ring of poison resistance (right claw)
Scrolls
 g - a scroll of recharging
 h - a scroll of amnesia
 j - 4 scrolls of identify
 l - 5 scrolls of teleportation
 o - 3 scrolls of remove curse {unknown}
 r - 3 scrolls of fog {unknown}
 s - a scroll of enchant armour {unknown}
 t - a scroll of blinking {unknown}
 w - a scroll of enchant weapon {unknown}
Potions
 e - 2 potions of mutation
 f - a potion of might {unknown}
 k - a potion of curing
 m - a potion of berserk rage {unknown}
 n - 2 potions of heal wounds {unknown}
 q - a potion of lignification {unknown}
 u - 2 potions of haste {unknown}
Books
 c - a book of Changes

   Spells                             Type                      Level
   a - Beastly Appendage              Transmutation                1
   b - Sticks to Snakes               Transmutation                2
   c - Spider Form                    Transmutation/Poison         3
   d - Ice Form                       Ice/Transmutation            4
   e - Blade Hands                    Transmutation                5
 p - a book of Minor Magic

   Spells                             Type                      Level
   a - Magic Dart                     Conjuration                  1
   b - Blink                          Translocation                2
   c - Call Imp                       Summoning                    2
   d - Slow                           Hexes                        2
   e - Conjure Flame                  Conjuration/Fire             3
   f - Mephitic Cloud                 Conjuration/Poison/Air       3
 x - a book of Necromancy

   Spells                             Type                      Level
   a - Pain                           Necromancy                   1
   b - Animate Skeleton               Necromancy                   1
   c - Vampiric Draining              Necromancy                   3
   d - Regeneration                   Charms/Necromancy            3
   e - Animate Dead                   Necromancy                   4
   f - Control Undead                 Necromancy                   4
Comestibles
 d - 5 bread rations
 v - 2 fruits


   Skills:
 - Level 0.7 Fighting
 - Level 1.5 Dodging
 - Level 3.0 Unarmed Combat
 - Level 1.2 Spellcasting
 + Level 5.3 Transmutations


You had 3 spell levels left.
You knew the following spells:

 Your Spells              Type           Power        Failure   Level  Hunger
a - Beastly Appendage     Tmut           ##....       4%          1    ##.....
b - Spider Form           Tmut/Pois      #.........   36%         3    ####...


Dungeon Overview and Level Annotations

Branches:
Dungeon (5/15)             Temple (1/1) D:4

Altars:
Cheibriados
Dithmenos
Gozag
Hepliaklqana
Kikubaaqudgha
Makhleb
Okawaru
Qazlal
Ru
Sif Muna
Trog
Uskayaw
Vehumet
Xom
Zin
The Shining One

Shops:
D:5 }(

Annotations:
D:4 sheala's ghost, amateur HOMo
D:5 Grinder


Innate Abilities, Weirdness & Mutations

You are too large for most types of armour.
You have claws for hands.
Your metabolism is lightning-fast.
You like to eat raw meat.
Your natural rate of healing is unusually fast.
You are covered in fur. (AC +1)
You have very tough skin. (AC +2)
You have a pair of horns on your head.


Message History

Grinder gestures at you. Pain shoots through your body!
* * * LOW HITPOINT WARNING * * *
Unknown command.
Unknown command.
Unknown command.
It was a potion of curing.
You feel better.
Casting: Beastly Appendage
Confirm with . or Enter, or press ? or * to list all spells.
You grow a pair of large bovine horns.
Grinder gestures at you. Pain shoots through your body!
* * * LOW HITPOINT WARNING * * *
Unknown command.
Unknown command.
You aren't carrying any items that you can evoke.
Grinder blinks!
Grinder gestures at you. Pain shoots through your body!
You die...

........#.#####.#.............
........#.#####.#.............
##............#.#.............
#.#####..###.#.#.............
... #..#.....#..........### ..
#..#.....#######....#
#..#.....# ### #....#
#..#....5#.... #....#
#..#.§@....... #....#
#..#.......... #....
#..+......###.# ##......# #
+∩#..#...... ###.##...... ..##
....... ... ....... #... ..###


You could see Grinder.

Vanquished Creatures
  A hound (D:3)
  An orc priest (D:4)
  An orc wizard (D:4)
  2 worker ants
  11 adders
  3 gnolls (D:2)
  A howler monkey skeleton (D:4)
  6 worms
  4 dart slugs
  2 leopard geckos
  12 orcs
  A giant cockroach (D:2)
  6 goblins
  7 hobgoblins
  8 jackals
  3 quokkas
  A ball python (D:5)
  6 bats
  6 frilled lizards
  7 kobolds
  5 rats
94 creatures vanquished.

Notes
Turn   | Place    | Note
-------+----------+-------------------------------------------
     0 | D:1      | Cral the Troll Transmuter began the quest for the Orb.
     0 | D:1      | Reached XP level 1. HP: 18/18 MP: 1/1
   136 | D:1      | Reached skill level 2 in Transmutations
   199 | D:1      | Reached XP level 2. HP: 26/26 MP: 2/2
   707 | D:2      | Reached XP level 3. HP: 27/32 MP: 3/3
   750 | D:2      | Reached skill level 3 in Transmutations
   763 | D:2      | Reached XP level 4. HP: 6/40 MP: 4/4
   875 | D:2      | Learned a level 3 spell: Spider Form
  1282 | D:3      | Reached skill level 4 in Transmutations
  1282 | D:3      | Reached XP level 5. HP: 44/46 MP: 5/5
  1583 | D:3      | Found a glowing golden altar of the Shining One.
  1839 | D:4      | Noticed sheala's ghost (amateur HOMo)
  2017 | D:3      | Reached XP level 6. HP: 21/54 MP: 4/6
  2160 | D:4      | Reached skill level 5 in Transmutations
  2282 | D:4      | Found a staircase to the Ecumenical Temple.
  2313 | Temple   | Entered the Ecumenical Temple
  2594 | D:5      | Entered Level 5 of the Dungeon
  2700 | D:5      | Found Huiqiq's Antique Weapon Boutique.
  2731 | D:5      | Found Eloocuyl's Gadget Shoppe.
  2736 | D:5      | Noticed Grinder
  2746 | D:5      | Paralysed by Grinder for 3 turns
  2761 | D:5      | Killed from afar by Grinder

Skill      XL: |  1  2  3  4  5  6 |
---------------+-------------------+-----
Transmutations | 2 3 4 5 |  5.3
Fighting       | |  0.7
Dodging        | |  1.5
Unarmed Combat | |  3.0
Spellcasting   | |  1.2

Action                   |  1- 3 |  4- 6 || total
-------------------------+-------+-------++-------
Melee: Unarmed           |    62 |   229 ||   291
       Kick              |     2 |     8 ||    10
       Punch             |     1 |     1 ||     2
       Headbutt          |       |     6 ||     6
 Cast: Beastly Appendage |     1 |    14 ||    15
  Use: Scroll            |     1 |     3 ||     4
       Potion            |       |     1 ||     1
 Stab: Sleeping          |     1 |       ||     1
       Distracted        |       |     1 ||     1
  Eat: Chunk             |     6 |    19 ||    25
Armor: Robe              |    30 |   119 ||   149
Dodge: Dodged            |    30 |   174 ||   204
